 Dungeon Crawl Stone Soup version 0.30-a0-782-ge64f9170bb (webtiles) character file.

Game seed: 18111395949651515559

228 senseless the Skirmisher (level 6, -4/50 HPs)
             Began as a Gnoll Hunter on Mar 9, 2023.
             Killed from afar by Sigmund (10 damage)
             ... with a puff of flame
             ... on level 4 of the Dungeon.
             The game lasted 00:07:15 (2607 turns).

senseless the Skirmisher (Gnoll Hunter)             Turns: 2607, Time: 00:07:16

Health: -4/50      AC:  4    Str: 10    XL:     6   Next: 2%
Magic:  8/8        EV: 14    Int:  8    God:
Gold:   184        SH:  0    Dex: 18    Spells: 8/8 levels left

rFire   . . .      SeeInvis .    a - +0 shortbow
rCold   . . .      Faith    .    (shield currently unavailable)
rNeg    . . .      Spirit   .    c - +1 leather armour
rPois   .          Reflect  .    (no helmet)
rElec   .          Harm     .    (no cloak)
rCorr   .          Rampage  .    (no gloves)
Will    .....                    (no boots)
Stlth   +                        (no amulet)
HPRegen 0.28/turn                g - ring of flight
MPRegen 0.11/turn                (no ring)

@: confused, flying
A: fangs 1, strong nose, distributed training
a: no special abilities


You were on level 4 of the Dungeon.
You visited 1 branch of the dungeon, and saw 4 of its levels.

You collected 184 gold pieces.

Inventory:

Hand Weapons
 a - a +0 shortbow (weapon)
Missiles
 n - 3 javelins
 o - 4 poisoned darts
Armour
 c - a +1 leather armour (worn)
 d - a +0 chain mail
Jewellery
 g - a ring of flight (left hand)
Scrolls
 b - a scroll of immolation
 e - 2 scrolls of enchant armour
 k - 2 scrolls of blinking
Potions
 f - a potion of lignification {unknown}
 h - a potion of resistance {unknown}
 i - 3 potions of curing {unknown}
 m - a potion of haste {unknown}


   Skills:
 + Level 4.9 Fighting
 + Level 1.8 Short Blades
 + Level 1.8 Long Blades
 + Level 1.8 Axes
 + Level 1.8 Maces & Flails
 + Level 1.8 Polearms
 + Level 1.8 Staves
 + Level 8.7 Ranged Weapons
 + Level 1.8 Throwing
 + Level 1.8 Armour
 + Level 4.9 Dodging
 + Level 3.0 Stealth
 + Level 1.8 Shields
 + Level 1.8 Unarmed Combat
 + Level 1.8 Spellcasting
 + Level 1.4 Conjurations
 + Level 1.4 Hexes
 + Level 1.4 Summonings
 + Level 1.4 Necromancy
 + Level 1.4 Translocations
 + Level 1.4 Transmutations
 + Level 1.4 Fire Magic
 + Level 1.4 Ice Magic
 + Level 1.4 Air Magic
 + Level 1.4 Earth Magic
 + Level 1.4 Poison Magic
 + Level 2.0 Invocations
 + Level 1.8 Evocations


You had 8 spell levels left.
You didn't know any spells.
Your spell library was empty.

Dungeon Overview and Level Annotations

Branches:
Dungeon (4/15)
 Temple: D:4-7

Altars:
Elyvilon
Nemelex Xobeh

Shops:
D:1 =

Annotations:
D:4 Sigmund


Innate Abilities, Weirdness & Mutations

You have very sharp teeth.
Your uncanny sense of smell can sniff out nearby items.
Your experience applies equally to all skills.


Message History

Something hits you!
Fire: a) +0 shortbow
Press: ? - help, Q - select action, (/) - cycle Shift-Dir - straight line You shoot an arrow.
Fire: a) +0 shortbow
Press: ? - help, Q - select action, (/) - cycle Shift-Dir - straight line You shoot an arrow.
Something hits you.
* * * LOW HITPOINT WARNING * * *
Fire: a) +0 shortbow
Press: ? - help, Shift-Dir - straight line, f - you You aren't carrying any items that you can evoke.
Unknown command.
Fire: a) +0 shortbow
Press: ? - help, Q - select action, (/) - cycle Shift-Dir - straight line You shoot an arrow.
Fire: a) +0 shortbow
Press: ? - help, Q - select action, (/) - cycle Shift-Dir - straight line You shoot an arrow.
You hear some strange, mumbled words.
A magic dart appears from out of thin air!
The magic dart hits you!
* * * LOW HITPOINT WARNING * * *
Fire: a) +0 shortbow
Press: ? - help, Q - select action, (/) - cycle Shift-Dir - straight line You shoot an arrow.
Something barely misses you.
Fire: a) +0 shortbow
Press: ? - help, Q - select action, (/) - cycle Shift-Dir - straight line You shoot an arrow.
Fire: a) +0 shortbow
Press: ? - help, Q - select action, (/) - cycle Shift-Dir - straight line You shoot an arrow.
You hear some strange, mumbled words.
You are confused.
You barely miss something. Your bite misses something.
You hear some strange, mumbled words.
A puff of flame appears from out of thin air!
The puff of flame hits you!
You die...

#...^............+ #...
#.#.^.......#....# #...
#.##.^...^.##....# #...
##^....###....#####...
.#####..# ##............
......#. #.............
#.....#####..........###
#....){...'..........#
#.....#@..#..........+
#.... #...#..........#
#..( #...#..........#
#.. #####.....###### #.
.......+ # ........#
.........# .........#


There were no monsters in sight!

Vanquished Creatures
  An orc priest (D:4)
  An orc wizard (D:4)
  3 gnolls (D:2)
  3 adders
  7 worms
  3 dart slugs
  5 orcs
  7 ball pythons
  6 bats
  7 endoplasms
  3 giant cockroaches (D:1)
  8 goblins
  5 hobgoblins
  7 jackals
  5 quokkas
  3 frilled lizards
  5 kobolds
  7 rats
86 creatures vanquished.

Vanquished Creatures (others)
  10 fungi (D:2)
  2 plants (D:2)
12 creatures vanquished.

Grand Total: 98 creatures vanquished

Notes
Turn   | Place    | Note
-------+----------+-------------------------------------------
     0 | D:1      | senseless the Gnoll Hunter began the quest for the Orb.
     0 | D:1      | Reached XP level 1. HP: 20/20 MP: 1/1
    66 | D:1      | Found Jeatymm's Jewellery Emporium.
   212 | D:1      | Reached XP level 2. HP: 26/26 MP: 2/2
   656 | D:1      | Reached XP level 3. HP: 31/31 MP: 3/3
   889 | D:2      | Reached skill level 1 in Invocations
   971 | D:2      | Reached skill level 1 in Short Blades
   971 | D:2      | Reached skill level 1 in Long Blades
   971 | D:2      | Reached skill level 1 in Axes
   971 | D:2      | Reached skill level 1 in Maces & Flails
   971 | D:2      | Reached skill level 1 in Polearms
   971 | D:2      | Reached skill level 1 in Staves
   971 | D:2      | Reached skill level 1 in Throwing
   971 | D:2      | Reached skill level 1 in Armour
   971 | D:2      | Reached skill level 1 in Shields
   971 | D:2      | Reached skill level 1 in Unarmed Combat
   971 | D:2      | Reached skill level 1 in Spellcasting
   971 | D:2      | Reached skill level 1 in Evocations
  1150 | D:2      | Reached XP level 4. HP: 32/38 MP: 5/5
  1194 | D:2      | Found a faded altar of an unknown god.
  1322 | D:2      | Reached skill level 1 in Conjurations
  1322 | D:2      | Reached skill level 1 in Hexes
  1322 | D:2      | Reached skill level 1 in Summonings
  1322 | D:2      | Reached skill level 1 in Necromancy
  1322 | D:2      | Reached skill level 1 in Translocations
  1322 | D:2      | Reached skill level 1 in Transmutations
  1322 | D:2      | Reached skill level 1 in Fire Magic
  1322 | D:2      | Reached skill level 1 in Ice Magic
  1322 | D:2      | Reached skill level 1 in Air Magic
  1322 | D:2      | Reached skill level 1 in Earth Magic
  1322 | D:2      | Reached skill level 1 in Poison Magic
  1391 | D:3      | Found a white marble altar of Elyvilon.
  1502 | D:3      | You are sucked into a shaft and drop 1 floor!
  1563 | D:4      | Reached XP level 5. HP: 43/43 MP: 7/7
  1741 | D:4      | Found a sparkling altar of Nemelex Xobeh.
  2531 | D:4      | Reached XP level 6. HP: 50/50 MP: 8/8
  2579 | D:4      | Noticed Sigmund
  2607 | D:4      | Killed from afar by Sigmund

Illustrated notes

Levels and vault maps discovered:
D:1:      psy_arrival_statuary, layout_basic, serial_co_window_serial,
          co_window_of_opportunity_a, co_window_paths_b, co_window_paths_a,
          co_window_paths_a, co_window_paths_a, co_window_paths_a,
          co_window_of_opportunity_c, co_window_broadway_c,
          co_window_broadway_c, co_window_of_opportunity_c, glass_columns_b,
          glass_columns_a, glass_columns_a, glass_columns_c, glass_columns_a,
          serial_shops, nicolae_shop_behind_doors, minmay_cut_off
D:2:      layout_basic, shapermc_ecumenical_altar_hornbeckon
D:3:      layout_loops_ring, mainiacjoe_overflow_catwalk, minmay_box_of_dots
D:4:      layout_gridville, nemelex_dance_club_becter, nicolae_wormholes,
          uniq_sigmund

Skill      XL: |  1  2  3  4  5 |
---------------+----------------+-----
Invocations    | 1 2 |  2.0
Short Blades   | 1 |  1.8
Long Blades    | 1 |  1.8
Axes           | 1 |  1.8
Maces & Flails | 1 |  1.8
Polearms       | 1 |  1.8
Staves         | 1 |  1.8
Throwing       | 1 |  1.8
Armour         | 1 |  1.8
Shields        | 1 |  1.8
Unarmed Combat | 1 |  1.8
Spellcasting   | 1 |  1.8
Evocations     | 1 |  1.8
Conjurations   | 1 |  1.4
Hexes          | 1 |  1.4
Summonings     | 1 |  1.4
Necromancy     | 1 |  1.4
Translocations | 1 |  1.4
Transmutations | 1 |  1.4
Fire Magic     | 1 |  1.4
Ice Magic      | 1 |  1.4
Air Magic      | 1 |  1.4
Earth Magic    | 1 |  1.4
Poison Magic   | 1 |  1.4
Stealth        | 3 |  3.0
Fighting       | |  4.9
Ranged Weapons | |  8.7
Dodging        | |  4.9

Action                     |  1- 3 |  4- 6 || total
---------------------------+-------+-------++-------
  Melee: Shortbow          |       |     2 ||     2
   Fire: Shortbow          |    83 |   148 ||   231
  Throw: Throwing net      |       |     1 ||     1
    Use: Scroll            |     3 |     2 ||     5
 Armour: Leather armour    |     5 |    16 ||    21
  Dodge: Dodged            |    14 |    26 ||    40

Table legend: (Time is in decaauts)
 A = Elapsed time spent in this place.
 B = Non-inter-level travel time spent in this place.
 C = Inter-level travel time spent in this place.
 D = Time resting spent in this place.
 E = Time spent auto-exploring this place.
 F = Levels seen in this place.
 G = Mean time per level.
                   A        B        C        D        E       F      G
               +--------+--------+--------+--------+--------+-----+--------+
         Total |   2634 |   2451 |    183 |     82 |   1941 |   4 |  658.5 |
       Dungeon |   2634 |   2451 |    183 |     82 |   1941 |   4 |  658.5 |
               +--------+--------+--------+--------+--------+-----+--------+

Top non-repeatable levels by time:
     D:1: 835 daAuts
     D:3: 751 daAuts
     D:2: 617 daAuts
     D:4: 430 daAuts
